 Dungeon Crawl Stone Soup version 0.32-a0-616-g9348d4545b (webtiles) character file.

Game seed: 8739801986512897449

256 BubbleThief the Trooper (level 5, -9/44 HPs)
             Began as a Demonspawn Cinder Acolyte on Mar 5, 2024.
             Was a High Priest of Ignis.
             Killed by nerve-wracking pain
             ... invoked by an orc priest
              (11 damage)
             ... on level 3 of the Dungeon.
             The game lasted 00:04:33 (2052 turns).

BubbleThief the Trooper (Demonspawn Cinder Acolyte) Turns: 2052, Time: 00:04:34

Health: -9/44      AC:  3    Str: 12    XL:     5   Next: 92%
Magic:  6/6        EV: 11    Int: 15    God:    Ignis [*****.]
Gold:   128        SH:  5    Dex:  8    Spells: 4/6 levels left

rFire   + . .        a - -1 spear (flame)
rCold   . . .        (no shield)
rNeg    . . .        b - +0 robe
rPois   .            i - +0 helmet
rElec   .            (no cloak)
rCorr   .            (no gloves)
SInv    .            (no boots)
Will    .....        d - amulet of reflection
Stlth   +            (no ring)
HPRegen 0.27/turn    (no ring)
MPRegen 0.10/turn

%: reflection
@: hasted, invisible, very quick
A: hooves 1, demonic guardian 1, weak 2, inability to read after injury 1
a: Renounce Religion, Fiery Armour, Foxfire Swarm, Rising Flame


You were on level 3 of the Dungeon.
You worshipped Ignis.
Ignis was extremely pleased with you.
You visited 1 branch of the dungeon, and saw 3 of its levels.

You collected 128 gold pieces.

Inventory:

Hand Weapons
 a - a -1 spear of flaming (weapon)
Armour
 b - a +0 robe (worn)
 i - a +0 helmet (worn)
Jewellery
 d - an amulet of reflection (around neck)
Wands
 n - a wand of acid (11)
Scrolls
 c - a scroll of amnesia {unknown}
 e - a scroll of enchant armour {unknown}
 f - a scroll of vulnerability {unknown}
 h - 3 scrolls of enchant weapon {unknown}
 l - a scroll of identify {unknown}
 m - a scroll of revelation {unknown}
 o - a scroll of poison {unknown}
 p - a scroll of silence {unknown}
Potions
 q - a potion of magic


   Skills:
 + Level 5.1 Fighting
 + Level 4.7 Polearms
 - Level 1.0 Spellcasting
 - Level 2.6 Fire Magic


You had 4 spell levels left.
You knew the following spells:

 Your Spells              Type           Power      Damage    Failure   Level
a - Scorch                Fire           16%        2d5       12%         2

Your spell library contained the following spells:

 Spells                   Type           Power      Damage    Failure   Level
 Magic Dart               Conj           0%         1d3       24%         1
 Blink                    Tloc           0%         N/A       36%         2
 Call Imp                 Summ           0%         N/A       36%         2
 Searing Ray              Conj           0%         2d4       36%         2
 Fulminant Prism          Conj/Alch      0%         3d5       94%         4


Dungeon Overview and Level Annotations

Branches:
Dungeon (3/15)

Altars:
Okawaru
Beogh

Shops:
D:1 [


Innate Abilities, Weirdness & Mutations

You have large cloven feet.
A weak demonic guardian rushes to your aid.
You are very weak. (Str -4)
You occasionally lose the ability to read scrolls when taking damage.


Message History

It was a potion of magic.
Magic courses through your body.
You're too confused to cast spells.
Okay, then.
It was a potion of invisibility.
You fade into invisibility!
Something misses your ufetubus. The orc priest closely misses you.
Your ufetubus hits the orc priest.
Your ufetubus closely misses the orc priest.
It was a potion of mutation.
You feel extremely strange.
You occasionally lose the ability to read scrolls when taking damage.
You feel weaker. x2
The orc priest barely misses your ufetubus.
Something hits you.
* * * LOW HITPOINT WARNING * * *
Your ufetubus misses the orc priest.
Your ufetubus barely misses the orc priest.
It was a potion of haste.
You feel yourself speed up.
Your ufetubus misses the orc priest.
Your ufetubus closely misses the orc priest.
The orc priest hits your ufetubus with a +1 flail of protection.
Your ufetubus hits the orc priest.
Your ufetubus hits the orc priest but does no damage.
The orc priest looks encouraged for a moment.
You hear some strange, mumbled words.
Your ufetubus resists with significant effort.
The orc barely misses you.
You feel less confused.
Your ufetubus barely misses the orc priest.
Your ufetubus hits the orc priest.
The orc priest hits your ufetubus with a +1 flail of protection!
Your ufetubus dies!
Your ufetubus disappears in a puff of smoke!
The orc priest shouts!
You block the orc's attack. The orc priest barely misses you.
Something hits you but does no damage. The orc closely misses you.
The orc priest invokes the aid of Beogh against you.
Pain shoots through your body!
You die...
Ignis goes out, and joins you in death.

###(# ###.#........ #...#
####............ #...#
##..#....######.# #...#
#...#..########.# #...#
#.#.#.........<).
#...###.#.#..####...#)#
#...##....).## ##......
###.........####...##.#
#..#@{..........###.(
#..#oo....####.##...# ###
#..#......# #.#.....
##$.$##........####.......
#oß.ß.##).................
#_.$..'.....#.#.#..#......
#.ß$ß.###...#...#####.....
##$.$##........## ##.....
#####.........#####......


You could see an orc priest (unable to see you) and an orc (unable to see you).

Vanquished Creatures
  A black bear (D:3)
  3 adders
  A white imp (D:3)
  A dart slug (D:3)
  2 ribbon worms (D:2)
  5 orcs
  10 endoplasms
  6 goblins
  6 hobgoblins
  4 jackals
  5 kobolds
  2 quokkas (D:1)
  3 ball pythons
  2 bats (D:2)
  A frilled lizard (D:2)
  7 rats
59 creatures vanquished.

Vanquished Creatures (collateral kills)
  An iguana (D:3)
  Robin (D:2)
  A hobgoblin (D:2)
  4 goblins (D:2)
7 creatures vanquished.

Vanquished Creatures (others)
  An orc wizard (D:3)
1 creature vanquished.

Grand Total: 67 creatures vanquished

Notes
Turn   | Place    | Note
-------+----------+-------------------------------------------
     0 | D:1      | BubbleThief the Demonspawn Cinder Acolyte began the quest
                  | for the Orb.
     0 | D:1      | Reached XP level 1. HP: 18/18 MP: 2/2
   280 | D:1      | Gained mutation: A weak demonic guardian rushes to your
                  | aid. [demonic ancestry]
   280 | D:1      | Reached XP level 2. HP: 24/24 MP: 3/3
   283 | D:1      | Learned a level 2 spell: Scorch
   326 | D:1      | Found a faded altar of an unknown god.
   420 | D:1      | Found Qocwiqizo's Antique Armour Shop.
   863 | D:2      | Gained mutation: You have large cloven feet. [demonic
                  | ancestry]
   863 | D:2      | Reached XP level 3. HP: 20/30 MP: 0/4
   973 | D:2      | Noticed Robin
   988 | D:2      | Killed Robin
   989 | D:2      | Reached skill level 4 in Fighting
  1008 | D:2      | Reached XP level 4. HP: 30/37 MP: 2/5
  1627 | D:3      | Found a faded altar of an unknown god.
  1632 | D:3      | Found an iron altar of Okawaru.
  1796 | D:3      | Noticed a black bear
  1819 | D:3      | Reached XP level 5. HP: 32/43 MP: 1/6
  1826 | D:3      | Killed a black bear
  1827 | D:3      | Reached skill level 5 in Fighting
  2024 | D:3      | Found a roughly hewn altar of Beogh.
  2046 | D:3      | Gained mutation: You occasionally lose the ability to read
                  | scrolls when taking damage. [potion of mutation]
  2046 | D:3      | Gained mutation: You are weak. (Str -2) [potion of
                  | mutation]
  2046 | D:3      | Gained mutation: You are very weak. (Str -4) [potion of
                  | mutation]
  2046 | D:3      | HP: 1/44 [something (3)]
  2052 | D:3      | Killed from afar by an orc priest

Illustrated notes

Levels and vault maps discovered:
D:1:      dpeg_arrival_tiny_a, layout_loops_cross, serial_shops, shop,
          dreamdust_ecumenical_altar_statues
D:2:      layout_basic, nicolae_titane, uniq_robin
D:3:      layout_rooms, nicolae_overflow_ecumenical_swirl,
          serial_bayou_lagoon_a, kennysheep_orc_chapel

Skill      XL: |  1  2  3  4  5 |
---------------+----------------+-----
Polearms       | 3 4 |  4.7
Fighting       | 4 5 |  5.1
Spellcasting   | |  1.0
Fire Magic     | |  2.6

Action                     |  1- 3 |  4- 6 || total
---------------------------+-------+-------++-------
  Melee: Spear             |   138 |    80 ||   218
         Kick              |     5 |    15 ||    20
   Cast: Scorch            |     5 |    16 ||    21
 Invoke: Fiery Armour      |       |     1 ||     1
    Use: Potion            |       |     4 ||     4
 Armour: Robe              |    58 |    37 ||    95
  Dodge: Dodged            |    45 |    43 ||    88
  Block: Other             |    27 |    14 ||    41
         Reflection        |       |     1 ||     1

Table legend: (Time is in decaauts)
 A = Elapsed time spent in this place.
 B = Non-inter-level travel time spent in this place.
 C = Inter-level travel time spent in this place.
 D = Time resting spent in this place.
 E = Time spent auto-exploring this place.
 F = Levels seen in this place.
 G = Mean time per level.
                   A        B        C        D        E       F      G
               +--------+--------+--------+--------+--------+-----+--------+
         Total |   2038 |   1969 |     69 |     23 |   1440 |   3 |  679.3 |
       Dungeon |   2038 |   1969 |     69 |     23 |   1440 |   3 |  679.3 |
               +--------+--------+--------+--------+--------+-----+--------+

Top non-repeatable levels by time:
     D:3: 783 daAuts
     D:1: 661 daAuts
     D:2: 593 daAuts
